cohdb
Replays
Latest Replays
All Replays
Popular Replays
Top Player Replays
Match Explorer
How It Works
Community
CoH3 Stats
Reddit
Sign in to upload your games and track your stats! →
Sign in with Steam
Match 43669761
Unlisted
Match 43669761
Overview
Messages
Build Orders
End
Kradschützen Motorcycle Team
Panzergrenadier Squad
Panzergrenadier Squad
Panzergrenadier Squad
Construct Light Support Kompanie
Fire Support Elements
Veteran Squad Leaders
Pak 38 Mechanized Group
Construct Panzerarmee Kommand
Selects Armored Support Battlegroup
Walking Stuka Rocket Launcher
Pak 38 Anti-tank Gun Team
Selects Salvage Kits
Selects Panzer Storm
Walking Stuka Rocket Launcher
Vehicle Survival Package
Construct Mechanized Kompanie
Rapid Advance
Marder III Tank Destroyer
Tungsten Core Ammunition
Marder III Tank Destroyer
Walking Stuka Rocket Launcher
Marder III Tank Destroyer
Dauskun
Base rush noobs #
zuikaku0302
hogarthw
Scooter
一十四叔
deez
MrXanathos
0
0
Comments
sign in to comment!
No comments posted yet!